AoeStats
← Clay

Four Lakes

509929386Analyzed
1v1 RM · 5d ago on Sep 28, 2026· 40m 9s· 2 players
Game mode
Random Map
Map size
Tiny (2 player)
Population
200
Speed
Normal
Resources
Standard
Victory
Conquest
Starting age
Dark Age
Ending age
Imperial Age
RankedLock teamsTeams togetherTeam positionsShared explorationLock speedFull tech treeHidden civsTurbo modeCheats
Victory
Defeat
🇹🇷 Khitans · Türkiye
1122
+15
🇮🇳 Bengalis · India
1098
-15
Clay
8:09 Loom
10:19 Feudal Age
11:50 Double-Bit Axe
11:46 Horse Collar
12:55 Fishing Lines
19:47 Castle Age
19:02 Scale Mail Armor
19:13 Forging
19:09 Scale Barding Armor
19:42 Bloodlines
19:43 Gold Mining
21:34 Husbandry
22:44 Gold Shaft Mining
22:39 Chain Barding Armor
25:00 Iron Casting
29:31 Man-at-Arms
29:56 Gambesons
30:12 Squires
30:06 Town Watch
33:38 Imperial Age
31:21 Scale Mail Armor
31:25 Long Swordsman
31:58 Arson
32:42 Chain Mail Armor
34:03 Two-Handed Swordsman
37:13 Blast Furnace
36:36 Champion
39:41 Pikeman
Kebabs&Roses
6:26 Loom
9:51 Feudal Age
10:40 Double-Bit Axe
15:04 Castle Age
16:07 Bow Saw
18:05 Domestication
19:29 Fishing Lines
21:09 Scale Barding Armor
21:48 Gold Mining
22:24 Forging
23:26 Chain Barding Armor
23:22 Pastoralism
23:50 Husbandry
25:08 Iron Casting
28:09 Wheelbarrow
28:13 Murder Holes
28:39 Fletching
31:06 Hand Cart
34:01 Stone Mining
37:06 Imperial Age
37:13 Imperial Age
34:29 Light Cavalry
37:24 Hussar
37:41 Heavy Camel Rider
39:02 Plate Barding Armor
38:29 Gillnets
39:08 Conscription
38:56 Elite Steppe Lancer
40:24 Ordo Cavalry
Connection lost

Rejoining the realm…

Still unreachable

The connection could not be restored.

Session expired

The server has moved on; the page needs a fresh start.